[Event "*** SCC Grand Prix: Titled Tuesday Blitz"]
[Site "Chess.com"]
[Date "2020.09.29"]
[Round "8"]
[White "ChessArchitect64"]
[Black "lelya96"]
[Result "0-1"]
[WhiteElo "1988"]
[BlackElo "2203"]
[TimeControl "180+1"]
[EndTime "11:33:01 PDT"]
[Termination "lelya96 won by checkmate"]

1. e4 e5 2. Nf3 Nc6 3. Bb5 a6 4. Ba4 Nf6 5. O-O b5 6. Bb3 Bc5 7. c3 d6 8. d4 Bb6 9. h3 O-O 10. Be3 h6 11. Nbd2 Re8 12. Bc2 Bb7 13. d5 Ne7 14.
Ne1 Ng6 15. Bxb6 cxb6 16. f3 Nf4 17. Nd3 N6h5 18. Nxf4 Nxf4 19. Kh2 Bc8 20. Re1 Qh4 21. Re2 Nxe2 22. Qxe2 Bd7 23. Qe3 g5 24. Qxb6 Qf4+ 25. Kh1 Qxd2 26. Bb3 Qf4 27. Qxd6 Rad8 28. Qxh6 Qg3 29.
d6 Be6 30. Qf6 Bxb3 31. axb3 Qf4 32. Qh6 Re6 33. Qh5 Rdxd6 34. Rg1 Rh6 35. Qg4 Qxg4 36. fxg4 Rd2 37. Kh2 Rxb2 38. b4 Re2 39. Rf1 Rxe4 40. Rf5 Rg6 41. Rf3 Kg7 42. Kg3 Rf4 43. Re3 Rc6 44. Rxe5 Rxc3+ 45. Kh2 Kg6 46. Re8 Rxb4 47. Rg8+ Kh6 48. Rh8+ Kg7 49. Rh5 f6 50. h4 Rxg4 51.
hxg5 fxg5 52. g3 Rcxg3 53. Kh1 Rh4+ 54. Rxh4 gxh4 55. Kh2 b4 56. Kh1 b3 57. Kh2 b2 58.
Kh1 b1=Q+ 59. Kh2 Qg1# 0-1

[Event "*** SCC Grand Prix: Titled Tuesday Blitz"]
[Site "Chess.com"]
[Date "2020.09.29"]
[Round "8"]
[White "Vamostodorecto"]
[Black "tlomigtlis"]
[Result "0-1"]
[WhiteElo "2387"]
[BlackElo "2530"]
[TimeControl "180+1"]
[EndTime "11:33:03 PDT"]
[Termination "tlomigtlis won on time"]

1. d4 d5 2. c4 c6 3. Nc3 Nf6 4. Nf3 e6 5. e3 a6 6. b3 Bb4 7. Bb2 Ne4 8. Qc2 Qa5 9. Rc1 Qxa2 10. Bd3 Nxc3 11. Bxc3 Qxc2 12. Rxc2 Bxc3+ 13. Rxc3 O-O 14. Ke2 Nd7 15. c5 f6 16. b4 e5 17. Bf5 e4 18.
Nd2 g6 19. Be6+ Kg7 20. f3 f5 21. Bxd7 Bxd7 22. f4 h6 23. h4 Kf6 24. Nb3 Rg8 25.
Kf2 g5 26. hxg5+ hxg5 27. Rh6+ Rg6 28. fxg5+ Kxg5 29. Rh7 Be6 30. Na5 Kf6 31. Nxb7 Rag8 32. Rh2 Rg3 33. Rc2 f4 34. exf4 e3+ 35. Kf1 Bf5 36. Ra2 Bd3+ 37. Kg1 e2 38. Ra1 Be4 39. Kf2 Rxg2+ 40. Rxg2 Rxg2+ 41. Ke3 Bc2 42. Re1 Bd1 43. Nd8 Kf5 44. Nxc6 Rg3+ 45. Kd2 Kxf4 46. Ne7 Ke4 47. c6 Rd3+ 0-1

[Event "*** SCC Grand Prix: Titled Tuesday Blitz"]
[Site "Chess.com"]
[Date "2020.09.29"]
[Round "8"]
[White "mapleaff"]
[Black "aljado"]
[Result "1-0"]
[WhiteElo "2371"]
[BlackElo "2079"]
[TimeControl "180+1"]
[EndTime "11:33:03 PDT"]
[Termination "mapleaff won on time"]

1. d4 Nf6 2. c4 g6 3. Nc3 d5 4.
Nf3 Bg7 5. h4 dxc4 6. e4 c5 7. d5 Bg4 8. Bxc4 O-O 9. Be3 Nbd7 10.
Qc2 a6 11. Nh2 b5 12. Bf1 Qa5 13. Bd2 Qc7 14. Nxg4 Nxg4 15. Be2 Ngf6 16. h5 b4 17. Nd1 Qe5 18. Bf3 Nxd5 19. Kf1 N5f6 20. Ne3 Rad8 21. Nc4 Qc7 22. hxg6 fxg6 23. Ne3 Ne5 24. Be2 Qc6 25. f3 c4 26. Nxc4 Nxc4 27. Qxc4+ Qxc4 28. Bxc4+ Kh8 29. Ke2 a5 30. a3 bxa3 31. Rxa3 Rb8 32. Bc3 Rfc8 33.
Be6 Rc6 34. Rb3 Rxb3 35. Bxb3 Rb6 36. Ba4 Ng8 37. Kd3 Bxc3 38. bxc3 1-0

[Event "*** SCC Grand Prix: Titled Tuesday Blitz"]
[Site "Chess.com"]
[Date "2020.09.29"]
[Round "8"]
[White "MashaFromRussia"]
[Black "PotapovaM"]
[Result "0-1"]
[WhiteElo "2414"]
[BlackElo "2568"]
[TimeControl "180+1"]
[EndTime "11:33:04 PDT"]
[Termination "PotapovaM won by resignation"]

1. d4 Nf6 2. c4 e6 3. g3 d5 4. Nf3 dxc4 5. Bg2 a6 6. O-O Nc6 7. Nc3 Rb8 8. e4 b5 9. d5 Nb4 10. Ne5 Bd6 11. Bf4 Bxe5 12. Bxe5 Nd3 13. Bd4 e5 14.
Be3 Nxb2 15. Qc2 Nd3 16. Rfb1 O-O 17. a4 Bd7 18. Bf1 c5 19. axb5 axb5 20. Bxd3 cxd3 21.
Qxd3 c4 22. Qe2 b4 23. Na2 Qe7 24. Qxc4 Rfc8 25. Qd3 Bb5 26. Qb3 Bc4 27. Qd1 Nxe4 28. Qf3 Nf6 29. Nc1 Bxd5 30. Qe2 h6 31. Ra7 Qe6 32. Rba1 Qh3 33. Qf1 Qg4 34. h3 Qe4 35.
Kh2 Rc2 36. Ne2 Rxe2 0-1

[Event "*** SCC Grand Prix: Titled Tuesday Blitz"]
[Site "Chess.com"]
[Date "2020.09.29"]
[Round "8"]
[White "JiiHart"]
[Black "BikingBrian"]
[Result "1/2-1/2"]
[WhiteElo "2073"]
[BlackElo "2199"]
[TimeControl "180+1"]
[EndTime "11:33:04 PDT"]
[Termination "Game drawn - insufficient material"]

1. e4 c5 2. Nf3 g6 3. d4 cxd4 4. Nxd4 Nc6 5. c4 Nf6 6. Nc3 d6 7. Be2 Nxd4 8. Qxd4 Bg7 9. Qd1 O-O 10. Be3 a5 11. O-O a4 12. Rc1 Qa5 13. Qd2 Be6 14.
f3 Rfc8 15. Nd5 Nxd5 16. cxd5 Qxd2 17. Bxd2 Bd4+ 18. Kh1 Bd7 19. Bc3 Bxc3 20. Rxc3 Rxc3 21. bxc3 Rc8 22. c4 Kg7 23. Rb1 Rc7 24. Kg1 Kf6 25.
Kf2 Ke5 26. Ke3 g5 27. g3 f5 28. f4+ gxf4+ 29. gxf4+ Kf6 30. exf5 Kxf5 31. Rg1 b5 32.
Rg5+ Kf6 33. cxb5 Rb7 34. Rg1 Bxb5 35. Rb1 Ba6 36. Rxb7 Bxb7 37. a3 Bxd5 38. Bd3 h6 39. Bc2 Bc6 40. Kd4 e5+ 41. fxe5+ dxe5+ 42. Kc5 Bd7 43. Kd5 Be6+ 44. Kc5 Bb3 45. Bd3 Kg5 46. Kd6 Kf4 47.
Bg6 e4 48. Bh5 e3 49. Kc5 Kg5 50. Be2 Kh4 51. Kd4 Kh3 52. Kxe3 Kxh2 53. Kf4 Kg2 54. Kg4 Kf2 55. Bb5 Bd1+ 56. Kh4 Ke3 57. Bxa4 Bxa4 58.
Kh5 Kd3 59. Kxh6 Kc3 60. Kg5 Kb3 61. Kf4 Kxa3 1/2-1/2

[Event "*** SCC Grand Prix: Titled Tuesday Blitz"]
[Site "Chess.com"]
[Date "2020.09.29"]
[Round "8"]
[White "elohunter1999"]
[Black "almo64"]
[Result "1-0"]
[WhiteElo "2507"]
[BlackElo "2690"]
[TimeControl "180+1"]
[EndTime "11:33:05 PDT"]
[Termination "elohunter1999 won by resignation"]

1. e4 c5 2. Nf3 d6 3. d4 cxd4 4. Nxd4 Nf6 5. Nc3 a6 6. Bg5 Qb6 7. Qd2 Nc6 8. Bxf6 gxf6 9. Nb3 e6 10. O-O-O Bd7 11. f4 O-O-O 12. Be2 h5 13. Rhf1 h4 14. Rf3 Kb8 15. Kb1 Bc8 16. Bf1 Bh6 17. Rh3 d5 18. exd5 e5 19. Rf3 exf4 20. Na4 Qc7 21. d6 Qd7 22. Nb6 Qg4 23. d7 Bxd7 24. Qd6+ Ka7 25. Nxd7 Rxd7 26. Qc5+ Ka8 27. Re1 Rhd8 28. a3 Ne5 29.
Rc3 f3 30. gxf3 Nxf3 31. Re7 Rd1+ 32. Ka2 Rxf1 33. Rxb7 Kxb7 34. Na5+ Kb8 35. Qc7+ 1-0

[Event "*** SCC Grand Prix: Titled Tuesday Blitz"]
[Site "Chess.com"]
[Date "2020.09.29"]
[Round "8"]
[White "DishonorOnYourCow"]
[Black "GameOverBro"]
[Result "0-1"]
[WhiteElo "2408"]
[BlackElo "2557"]
[TimeControl "180+1"]
[EndTime "11:33:05 PDT"]
[Termination "GameOverBro won on time"]

1. d4 d6 2. c4 Nf6 3. Nc3 Nbd7 4.
e4 e5 5. d5 c6 6. Be2 Be7 7.
Nf3 O-O 8. O-O a5 9. h3 a4 10. Be3 Qa5 11. Nh4 g6 12. Bh6 Re8 13. f4 a3 14. Qc2 Qb6+ 15. Kh2 Qxb2 16. Qxb2 axb2 17. Rab1 cxd5 18. cxd5 Ra3 19. Nb5 Rxa2 20. Bc4 Ra4 21. Bb3 Rxe4 22. Rxb2 Nc5 23. Bc2 Rc4 24. f5 Nxd5 25.
fxg6 hxg6 26. Nxg6 Bf6 27. Nxd6 Rxc2 28. Rxc2 Rd8 29.
Rxc5 Be6 30. Nxb7 Rb8 31. Nxe5 Bxe5+ 32. g3 Rxb7 33. Re1 Rb2+ 34. Kh1 Bxg3 35. Rg1 Rb3 36.
Rc2 Kh7 0-1

[Event "*** SCC Grand Prix: Titled Tuesday Blitz"]
[Site "Chess.com"]
[Date "2020.09.29"]
[Round "8"]
[White "katchesskat"]
[Black "freshfoodcompany"]
[Result "0-1"]
[WhiteElo "2265"]
[BlackElo "2398"]
[TimeControl "180+1"]
[EndTime "11:33:06 PDT"]
[Termination "freshfoodcompany won on time"]

1. c4 e6 2. Nf3 d5 3. e3 Nf6 4. a3 dxc4 5. Bxc4 Bd6 6. b4 O-O 7.
Bb2 b6 8. Qc2 Bb7 9. h4 Be4 10.
Bd3 Bxd3 11. Qxd3 Nbd7 12. Qc2 c5 13. b5 Qe7 14. d3 Rfd8 15. Nbd2 Rac8 16. Rc1 Nd5 17. Ne4 N7f6 18. Neg5 h6 19. Qb1 hxg5 20. hxg5 Nd7 21. d4 Nf8 22. Qe4 Ng6 23. Qg4 cxd4 24. Rxc8 Rxc8 25. Nxd4 Bb4+ 26. Kf1 Bc3 27. Qh5 Qd6 28.
Qh7+ Kf8 29. Bxc3 Nxc3 30. g3 Ne4 31. Nc6 Rxc6 32. bxc6 Qxc6 33. Rh2 Nxg5 34. Qh5 Qc1+ 35. Kg2 Qc6+ 36. e4 Qxe4+ 37. Kf1 Qd3+ 38. Kg2 Qd5+ 39. Kf1 Nf3 40. Qxd5 Nxh2+ 0-1

[Event "*** SCC Grand Prix: Titled Tuesday Blitz"]
[Site "Chess.com"]
[Date "2020.09.29"]
[Round "8"]
[White "LiamVrolijk"]
[Black "Legendinunknown"]
[Result "1-0"]
[WhiteElo "2848"]
[BlackElo "2648"]
[TimeControl "180+1"]
[EndTime "11:33:07 PDT"]
[Termination "LiamVrolijk won by resignation"]

1. d4 Nf6 2. c4 g6 3. Nc3 Bg7 4.
e4 d6 5. Be2 O-O 6. Nf3 e5 7.
O-O Nc6 8. d5 Ne7 9. b4 Nh5 10.
Re1 f5 11. a4 Nf4 12. Bf1 fxe4 13. Nxe4 Bg4 14. Ra3 Nf5 15. h3 Bxf3 16. Rxf3 Nd4 17. Ra3 a5 18. bxa5 Qd7 19. Kh2 Rxa5 20. g3 Nh5 21. Bd2 Ra6 22. Bg2 Nf6 23. Ng5 Rfa8 24.
Ne6 Nxe6 25. dxe6 Qxe6 26. Bxb7 Qxc4 27. Bg5 Qc5 28. Bxf6 Qxa3 29. Qd5+ Kf8 30. Qe6 Bxf6 31. Qxf6+ Ke8 32. Bxa8 Qxa4 33. Bd5 Qb4 34. Bf7+ Kf8 35. Be6+ Ke8 36. Qf7+ 1-0

[Event "*** SCC Grand Prix: Titled Tuesday Blitz"]
[Site "Chess.com"]
[Date "2020.09.29"]
[Round "8"]
[White "MisiekZielony"]
[Black "belisarius64"]
[Result "0-1"]
[WhiteElo "2266"]
[BlackElo "2662"]
[TimeControl "180+1"]
[EndTime "11:33:07 PDT"]
[Termination "belisarius64 won on time"]

1. c4 g6 2. Nc3 Bg7 3. g3 Nf6 4. Bg2 O-O 5. e4 c5 6. Nge2 d6 7. O-O Nc6 8. d3 Bg4 9. f3 Bd7 10. Be3 a6 11. d4 cxd4 12. Nxd4 Nxd4 13. Bxd4 b5 14. cxb5 axb5 15. e5 dxe5 16. Bxe5 Qb6+ 17. Qd4 Qb7 18. f4 Bc6 19. Qd2 Rfd8 20. Qe2 b4 21. Bxc6 Qxc6 22. Nd1 Ne4 23. Bxg7 Rd2 24. Qf3 Kxg7 25.
Ne3 f5 26. g4 fxg4 27. Nxg4 Qc5+ 28. Ne3 Rd4 29. Rac1 Qd6 30. Nc4 Qe6 31. b3 Rad8 32. Rce1 Qf5 33. Re2 Nf6 34. Qe3 Kg8 0-1

[Event "*** SCC Grand Prix: Titled Tuesday Blitz"]
[Site "Chess.com"]
[Date "2020.09.29"]
[Round "8"]
[White "karinachess1"]
[Black "davigator"]
[Result "1-0"]
[WhiteElo "2496"]
[BlackElo "2348"]
[TimeControl "180+1"]
[EndTime "11:33:08 PDT"]
[Termination "karinachess1 won by resignation"]

1. e4 c5 2. Nf3 Nc6 3. d4 cxd4 4. Nxd4 Nf6 5. Nc3 d6 6. g3 Bg4 7. f3 Bd7 8. Nb3 a6 9. Bg2 h5 10. Bg5 e6 11. Qd2 Be7 12. O-O Rc8 13. Rad1 Ne5 14.
Rfe1 b5 15. Nd4 Qc7 16. Nce2 Nc4 17. Qc1 b4 18. c3 bxc3 19. bxc3 Qa5 20. Bxf6 Bxf6 21.
Qb1 Qc5 22. Rc1 h4 23. Kf1 hxg3 24. hxg3 e5 25. Nb3 Ne3+ 26. Kg1 Qa7 27. c4 Nxc4+ 28. Kf1 Ne3+ 29. Kg1 Nc2+ 30. Kf1 Nxe1 31. Rxc8+ Bxc8 32. Qxe1 O-O 33. Qd2 Qc7 34. Nc3 Be6 35. Nd5 Bxd5 36. Qxd5 Rc8 37. Kg1 Qc1+ 38. Nxc1 Rxc1+ 39. Kh2 Be7 40. Qb7 Bf8 41. Qxa6 g6 42. a4 Kg7 43. a5 Rc2 44.
Qa8 Ra2 45. a6 d5 46. exd5 Bc5 47. Qc6 Bg1+ 48. Kxg1 1-0

[Event "*** SCC Grand Prix: Titled Tuesday Blitz"]
[Site "Chess.com"]
[Date "2020.09.29"]
[Round "8"]
[White "StellarChessPro"]
[Black "Matols"]
[Result "1-0"]
[WhiteElo "2497"]
[BlackElo "2270"]
[TimeControl "180+1"]
[EndTime "11:33:10 PDT"]
[Termination "StellarChessPro won on time"]

1. d4 Nf6 2. Bg5 Ne4 3. Bf4 d5 4. f3 Nf6 5. e4 e6 6. a3 c5 7. e5 Nfd7 8. c3 Nc6 9. Be3 Qb6 10.
Qd2 f6 11. f4 a5 12. Nf3 a4 13. Be2 Be7 14. O-O O-O 15. Kh1 Qa5 16. Qc1 b6 17. Nbd2 Ba6 18. Bxa6 Qxa6 19. Qe1 f5 20. h3 Qc8 21. g4 Qe8 22. Qg3 g6 23. gxf5 Rxf5 24.
Rg1 Qf7 25. Nh2 Bf8 26. Ndf3 Bg7 27. Ng5 Qe7 28. Nf1 Raf8 29. Nd2 cxd4 30. cxd4 Na5 31.
Rg2 b5 32. Rag1 Nc4 33. Nxc4 bxc4 34. Bd2 Qd8 35. Nxe6 Qb6 36. Nxf8 Nxf8 37. Bc3 Ne6 38. Rf1 Nxd4 39. Qe3 Bxe5 40. fxe5 Rxf1+ 41. Rg1 Rxg1+ 42. Qxg1 Qe6 43. Qxd4 Qxh3+ 44. Kg1 Qg3+ 45. Kf1 Qf3+ 46. Qf2 Qh1+ 47. Ke2 Qe4+ 48. Kd2 Qd3+ 49. Kc1 1-0

[Event "*** SCC Grand Prix: Titled Tuesday Blitz"]
[Site "Chess.com"]
[Date "2020.09.29"]
[Round "8"]
[White "Piotrek1979"]
[Black "tsvet2005"]
[Result "0-1"]
[WhiteElo "2457"]
[BlackElo "2641"]
[TimeControl "180+1"]
[EndTime "11:33:12 PDT"]
[Termination "tsvet2005 won by resignation"]

1. Nf3 d5 2. b3 Bg4 3. Bb2 Nd7 4. g3 e6 5. Bg2 Ngf6 6. O-O Bd6 7.
d3 O-O 8. Nbd2 e5 9. h3 Bh5 10. g4 Bg6 11. Nh4 c6 12. e3 Qc7 13. Qe2 Rfe8 14.
Nxg6 hxg6 15. a3 Nc5 16. g5 Nh5 17. c4 Qe7 18. cxd5 cxd5 19. h4 e4 20. dxe4 Nxe4 21. Nxe4 dxe4 22. Rfd1 Rac8 23. Rd4 Qe5 24. Kf1 Qh2 25.
Rad1 Be5 26. Rxe4 Bxb2 27. Rxe8+ Rxe8 28. Qxb2 Qxh4 29. Qd4 Qxg5 30. Qxa7 Qb5+ 31. Kg1 Qxb3 32. Rd7 Nf6 33. Rxb7 Qd1+ 34. Bf1 Re4 35. Qa8+ Kh7 36. Rb8 Rg4+ 37. Kh2 g5 38. Rh8+ Kg6 39. Bg2 Qd6+ 40. Kh1 Rc4 41. Bf3 g4 42. Be2 Rc1+ 43. Kg2 Qd2 44.
Qa6 Qd5+ 45. f3 gxf3+ 46. Bxf3 Qg5+ 47. Kf2 Qg1+ 48. Ke2 Qf1+ 49. Kd2 Qxa6 50. Be4+ Nxe4+ 51. Kxc1 Qxa3+ 0-1

[Event "*** SCC Grand Prix: Titled Tuesday Blitz"]
[Site "Chess.com"]
[Date "2020.09.29"]
[Round "8"]
[White "Th3_Hound"]
[Black "Loy_Konstantin"]
[Result "0-1"]
[WhiteElo "2509"]
[BlackElo "2393"]
[TimeControl "180+1"]
[EndTime "11:33:12 PDT"]
[Termination "Loy_Konstantin won by resignation"]

1. e4 c5 2. Nf3 d6 3. d4 cxd4 4. Nxd4 Nf6 5. Nc3 g6 6. Be3 Bg7 7. f3 O-O 8. Qd2 Nc6 9. O-O-O Bd7 10. Kb1 Ne5 11. h4 Rc8 12. h5 Nxh5 13. Bh6 Bxh6 14. Qxh6 Rxc3 15. bxc3 Qa5 16. g4 Nf6 17. g5 Nh5 18. f4 Ng4 19. Rxh5 Nxh6 20. Rxh6 f6 21. Bc4+ Kg7 22. Rdh1 Rh8 23. f5 Qxc3 24. fxg6 Qxd4 25. Rxh7+ Rxh7 26. gxh7 Kh8 27. g6 f5 28. Bb3 Qf6 29.
Rg1 Qg7 30. Bd5 f4 31. Bf7 Qd4 32. g7+ Qxg7 33. Rxg7 Kxg7 34. Bc4 Kxh7 35. Kc1 Kg6 36. Kd2 Kf6 37. Ke2 Ke5 38. Kf3 Be8 39. Bd5 b6 40. a3 Bh5+ 41. Kf2 e6 42. Bb3 Bg6 43. c3 Bxe4 0-1

[Event "*** SCC Grand Prix: Titled Tuesday Blitz"]
[Site "Chess.com"]
[Date "2020.09.29"]
[Round "8"]
[White "liczner"]
[Black "Shield12"]
[Result "1-0"]
[WhiteElo "2696"]
[BlackElo "2850"]
[TimeControl "180+1"]
[EndTime "11:33:13 PDT"]
[Termination "liczner won by resignation"]

1. e4 c5 2. Nf3 d6 3. c3 Nf6 4. h3 g6 5. Bd3 Bg7 6. O-O O-O 7. Bc2 e5 8. d4 exd4 9. cxd4 Nc6 10.
Nc3 Re8 11. Be3 b6 12. dxc5 dxc5 13. Qxd8 Rxd8 14. Rad1 Ba6 15. Rxd8+ Rxd8 16. Rd1 Rxd1+ 17. Bxd1 Bd3 18. Nd2 Nd7 19. f4 Nd4 20. Kf2 Kf8 21. Nf3 Nc2 22. Be2 Nxe3 23. Kxe3 Bxe2 24. Kxe2 Ke7 25.
Kd3 a6 26. e5 f6 27. Ke4 Ke6 28. g4 fxe5 29. Ng5+ Kd6 30. Nxh7 exf4 31. Kxf4 b5 32. Ng5 b4 33. Nge4+ Kc6 34. Nd1 c4 35. h4 Ne5 36.
Kg5 Kd5 37. Nf6+ Ke6 38. Ne8 Bf8 39. Nc7+ Kf7 40. h5 Be7+ 41. Kf4 Bd6 42. Nxa6 Nd3+ 43. Ke4 g5 44. Kd5 Be7 45. Kxc4 Ne5+ 46. Kb5 Nxg4 47. Nxb4 Ne5 48. Nc6 Nd3 49. Nxe7 Kxe7 50. a4 g4 51. b4 g3 52. Ne3 Nf4 53. h6 Kf7 54. h7 Kg7 55. a5 Kxh7 56. a6 Nd5 57. Ng2 Nc3+ 58. Kc6 Na2 59. b5 Nb4+ 60. Kc5 Nd5 61. Kxd5 1-0

[Event "*** SCC Grand Prix: Titled Tuesday Blitz"]
[Site "Chess.com"]
[Date "2020.09.29"]
[Round "8"]
[White "MomchilPetkov"]
[Black "Aborigen_came"]
[Result "1-0"]
[WhiteElo "2620"]
[BlackElo "2734"]
[TimeControl "180+1"]
[EndTime "11:33:13 PDT"]
[Termination "MomchilPetkov won by checkmate"]

1. e4 Nf6 2. e5 Nd5 3. d4 d6 4.
exd6 cxd6 5. c4 Nf6 6. Nc3 g6 7. h3 Bg7 8. Nf3 O-O 9. Be2 Nc6 10. d5 Nb4 11. O-O Bd7 12. Be3 Na6 13. Re1 Rc8 14.
Bf1 Nc5 15. Bd4 e5 16. dxe6 Bxe6 17. b3 h6 18. Qd2 a6 19. Rad1 g5 20. g3 Qd7 21.
Kh2 Rfe8 22. Bg2 g4 23. Nh4 gxh3 24. Bf3 Ng4+ 25. Kh1 Ne5 26. Bh5 Bg4 27. Bxg4 Qxg4 28.
Re3 Ng6 29. Nxg6 Rxe3 30. Qxe3 Qxg6 31. Bxg7 Qxg7 32. Rxd6 Ne6 33. Nd5 Re8 34. Kh2 Kh8 35. Rd7 Rf8 36. f4 Re8 37. f5 Nc7 38. Ne7 Qb2+ 39. Kxh3 Qa1 40. Qxh6# 1-0

[Event "*** SCC Grand Prix: Titled Tuesday Blitz"]
[Site "Chess.com"]
[Date "2020.09.29"]
[Round "8"]
[White "juancruzarias"]
[Black "MF1966Idrisov"]
[Result "1-0"]
[WhiteElo "2501"]
[BlackElo "2353"]
[TimeControl "180+1"]
[EndTime "11:33:13 PDT"]
[Termination "juancruzarias won on time"]

1. e4 e5 2. Nc3 Bc5 3. Bc4 Nf6 4. d3 h6 5. Be3 d6 6. h3 O-O 7.
Nf3 Bb6 8. O-O Nc6 9. d4 exd4 10.
Nxd4 Nxd4 11. Bxd4 Qe7 12. Re1 Be6 13. Bb3 Bxb3 14.
axb3 Bxd4 15. Qxd4 a6 16. Re3 Rfe8 17. Rae1 Qe5 18. Qc4 Re7 19. Nd5 Rd7 20. c3 Ne8 21. f4 Qh5 22. e5 Rad8 23. e6 fxe6 24. Rxe6 c6 25. Ne7+ Rxe7 26. Rxe7+ d5 27. Qd4 Nf6 28. Rxb7 Re8 29. Rxe8+ Qxe8 30. Qe5 Qg6 31. Rb8+ Kh7 32. Kh2 Ne4 33. f5 Qg5 34. Rb7 h5 35. Re7 h4 36. f6 Qc1 37. Rxg7+ Kh6 38. Rg4 Nf2 39.
Qf4+ Qxf4+ 40. Rxf4 1-0

[Event "*** SCC Grand Prix: Titled Tuesday Blitz"]
[Site "Chess.com"]
[Date "2020.09.29"]
[Round "8"]
[White "RobPeresian"]
[Black "OsorioFernando"]
[Result "1-0"]
[WhiteElo "2417"]
[BlackElo "2309"]
[TimeControl "180+1"]
[EndTime "11:33:14 PDT"]
[Termination "RobPeresian won on time"]

1. Nf3 f5 2. d4 Nf6 3. g3 e6 4. Bg2 d5 5. O-O Bd6 6. c4 O-O 7. b3 b6 8. Ba3 Bb7 9. Bxd6 Qxd6 10. Nbd2 Nbd7 11. Qc2 Rac8 12. Rac1 c5 13. e3 Ne4 14. Qb2 Rfd8 15. Qa3 a5 16. Rfd1 Ba6 17. cxd5 exd5 18. dxc5 Rxc5 19. Nd4 g6 20. Rxc5 Qxc5 21.
Qxc5 Ndxc5 22. N2f3 Nc3 23. Rd2 N5e4 24. Rb2 Rc8 25. Bf1 Nd1 26. Rb1 Bxf1 27. Rxd1 Bh3 28.
Ne5 Nc3 29. Rc1 Rc5 30. Nd7 Rc7 31. Nxb6 Bg4 32. f3 Bh3 33. Rc2 Rc5 34. Nd7 Rc7 35.
Ne5 h5 36. Kf2 h4 37. Nxg6 Kg7 38. Nf4 1-0

[Event "*** SCC Grand Prix: Titled Tuesday Blitz"]
[Site "Chess.com"]
[Date "2020.09.29"]
[Round "8"]
[White "awesomevishesh"]
[Black "KaspMagAlpha"]
[Result "1-0"]
[WhiteElo "2415"]
[BlackElo "2240"]
[TimeControl "180+1"]
[EndTime "11:33:14 PDT"]
[Termination "awesomevishesh won by checkmate"]

1. e4 c5 2. Nf3 e6 3. g3 b6 4. Bg2 Bb7 5. Nc3 d5 6. exd5 exd5 7. d4 Nf6 8. O-O Be7 9. Ne5 O-O 10. Bg5 cxd4 11.
Qxd4 Nc6 12. Nxc6 Bxc6 13. Rad1 Qd7 14. Qd3 Rad8 15. Bxf6 Bxf6 16. Nxd5 Bxd5 17. Bxd5 Bxb2 18. Rfe1 g6 19. h4 Kg7 20. c3 Qc7 21. Qd4+ Kg8 22. Re3 Ba3 23. Rf3 Bc5 24. Qf6 Rd7 25. h5 Rd6 26.
Qe5 Qd8 27. hxg6 hxg6 28. Kg2 Rxd5 29. Rxd5 Qe7 30. Qxe7 Bxe7 31. Rd7 Bc5 32. Rxa7 Kg7 33. c4 Kg8 34. Rc7 Kg7 35. g4 g5 36. Rf5 Kg6 37. Rc6+ f6 38. Kf3 Bd4 39. Rd5 Be5 40. Rxe5 Ra8 41. Ree6 Rf8 42. Rxb6 Rf7 43. c5 Kg7 44.
Rbd6 Rf8 45. c6 Ra8 46. c7 Rc8 47. Rd7+ Kg6 48. Ree7 f5 49. Re6# 1-0

[Event "*** SCC Grand Prix: Titled Tuesday Blitz"]
[Site "Chess.com"]
[Date "2020.09.29"]
[Round "8"]
[White "AniJak"]
[Black "Shivagami"]
[Result "1-0"]
[WhiteElo "2381"]
[BlackElo "2220"]
[TimeControl "180+1"]
[EndTime "11:33:15 PDT"]
[Termination "AniJak won on time"]

1. e4 c5 2. Nc3 e6 3. g3 d5 4.
exd5 exd5 5. d4 cxd4 6. Qxd4 Nf6 7. Bg2 Nc6 8. Qd1 Bb4 9. Bd2 O-O 10. Nge2 d4 11. Nb1 Bxd2+ 12. Nxd2 d3 13. cxd3 Qxd3 14.
O-O Bg4 15. f3 Qe3+ 16. Kh1 Rad8 17. Nc4 Qe6 18. Qc2 Bf5 19. Qb3 Qxe2 20. Rfe1 Qc2 21.
Qxb7 Qxc4 22. Rac1 Na5 23. Qxa7 Qxa2 24. Ra1 Qxb2 25. Qxa5 Bg6 26. Ra2 Qd4 27. Rae2 h6 28. g4 Nd5 29. Rd2 Qc4 30. Bf1 Qc6 31. Red1 Ne3 32. Rxd8 Qxf3+ 33. Kg1 Qxg4+ 34. Kf2 Nxd1+ 35. Ke1 h5 36. Rxf8+ Kh7 37. Rd8 Ne3 38. Be2 Qg1+ 39. Kd2 Nf5 40. Rd5 Qg5+ 41. Kc3 Qe3+ 42. Bd3 Ne7 43. Rxh5+ 1-0

[Event "*** SCC Grand Prix: Titled Tuesday Blitz"]
[Site "Chess.com"]
[Date "2020.09.29"]
[Round "8"]
[White "Riptide27"]
[Black "PavelChernomordik"]
[Result "0-1"]
[WhiteElo "2508"]
[BlackElo "2338"]
[TimeControl "180+1"]
[EndTime "11:33:16 PDT"]
[Termination "PavelChernomordik won on time"]

1. d4 g6 2. e4 Bg7 3. Nc3 d6 4. f4 a6 5. Nf3 b5 6. Bd3 Nd7 7.
e5 c5 8. Be4 Rb8 9. Qe2 b4 10.
Nd5 e6 11. exd6 exd5 12. Bxd5+ Kf8 13. Bxf7 cxd4 14. O-O Nc5 15. Bc4 Qxd6 16. Ng5 Nh6 17. Bd2 Bg4 18. Qf2 Bf5 19. Rae1 Ng4 20. Qg3 Ne3 21.
Nf7 Nxf1 22. Rxf1 Qf6 23. Nxh8 Ne4 24. Qe1 Nxd2 25. Qxd2 Bxh8 26. Re1 Bg7 27. h3 h5 28. a3 bxa3 29. bxa3 Qd6 30. Qa5 d3 31. cxd3 Qb6+ 32. Qxb6 Rxb6 33. a4 Bd4+ 34. Kh2 a5 35. Re2 Rb2 36. Re1 h4 37. Bb5 Bf2 38. Rc1 Kf7 0-1

[Event "*** SCC Grand Prix: Titled Tuesday Blitz"]
[Site "Chess.com"]
[Date "2020.09.29"]
[Round "8"]
[White "gagtemp"]
[Black "Chamal_Gedgafov"]
[Result "0-1"]
[WhiteElo "1963"]
[BlackElo "2145"]
[TimeControl "180+1"]
[EndTime "11:33:16 PDT"]
[Termination "Chamal_Gedgafov won by resignation"]

1. e4 e6 2. d4 d5 3. Nc3 Bb4 4. e5 c5 5. a3 Bxc3+ 6. bxc3 Ne7 7. Qg4 Qc7 8. Qxg7 Rg8 9. Qxh7 cxd4 10. Ne2 Nbc6 11. f4 Bd7 12. Qd3 dxc3 13. Nxc3 a6 14. a4 Na5 15. Ne2 Nf5 16. Ba3 Nc4 17. Bb4 Rc8 18. a5 Bb5 19. Qb3 Nce3 20. c3 Nxg2+ 21. Kf2 Nge3 22. Bh3 Bxe2 23. Kxe2 d4 24. Rhg1 Kd7 25.
Qa4+ Qc6 26. Qxc6+ Kxc6 27. Rxg8 Rxg8 28. cxd4 Nxd4+ 29. Kd3 Ndc2 30. Rc1 Kb5 31. Bd2 Rh8 32. Bxe3 Nxe3 33.
Kxe3 Rxh3+ 34. Ke4 Rxh2 35. Rc7 Rh7 36. Rxb7+ Kxa5 37.
f5 exf5+ 38. Kxf5 Ka4 39. Kf6 a5 40. e6 Rh6+ 41. Kxf7 Rh7+ 42. Kf8 Rxb7 43. e7 Rxe7 0-1

[Event "*** SCC Grand Prix: Titled Tuesday Blitz"]
[Site "Chess.com"]
[Date "2020.09.29"]
[Round "8"]
[White "kidagent"]
[Black "Nara_Kh"]
[Result "0-1"]
[WhiteElo "2289"]
[BlackElo "2400"]
[TimeControl "180+1"]
[EndTime "11:33:17 PDT"]
[Termination "Nara_Kh won on time"]

1. e4 c5 2. Nf3 d6 3. d4 Nf6 4.
Nc3 cxd4 5. Nxd4 a6 6. Bg5 Nbd7 7. Qe2 h6 8. Bh4 g6 9. O-O-O e5 10. Nb3 Qc7 11. Kb1 b5 12. g4 Be7 13. Bg2 Bb7 14.
Bxf6 Nxf6 15. h4 b4 16. Nd5 Nxd5 17. exd5 Kf8 18. Qe3 Kg7 19. f4 exf4 20. Qxf4 Bf6 21. Qxb4 a5 22. Qa4 Rhe8 23. Nd4 Re3 24. Rdf1 Qb6 25.
Nb3 Be5 26. Qd7 Rf8 27. a4 Ba6 28. Rf3 Rxf3 29. Bxf3 Bc4 30. Qc6 Qe3 31. Qxc4 Qxf3 32. Re1 Qg2 33. Nxa5 Ra8 34. Nc6 Bf6 35. g5 hxg5 36. hxg5 Qxg5 37. a5 Qd2 38. Re2 Qd1+ 39. Ka2 Qg1 40. a6 Rc8 41. b4 Ra8 0-1

[Event "*** SCC Grand Prix: Titled Tuesday Blitz"]
[Site "Chess.com"]
[Date "2020.09.29"]
[Round "8"]
[White "Sychev_Klementy"]
[Black "GregShahade"]
[Result "1-0"]
[WhiteElo "2878"]
[BlackElo "2629"]
[TimeControl "180+1"]
[EndTime "11:33:18 PDT"]
[Termination "Sychev_Klementy won by resignation"]

1. e4 e5 2. Nf3 Nc6 3. d4 exd4 4. c3 d5 5. exd5 Qxd5 6. cxd4 Bb4+ 7. Nc3 Bg4 8. Be2 Bxf3 9. Bxf3 Qc4 10. Bxc6+ bxc6 11. Qe2+ Qxe2+ 12. Kxe2 O-O-O 13. Be3 Ne7 14. Rac1 Nf5 15. Rhd1 Rhe8 16. Kf3 Rd6 17. g3 Rf6 18. Bf4 Bd6 19. Bxd6 Nxd4+ 20. Kg2 Rxd6 21. Rd2 Nf5 22. Rdc2 h5 23.
Na4 Nd4 24. Rd2 Re2 25. Rxe2 Nxe2 26. Rc5 g6 27. Ra5 Rd2 28. Rxa7 Kb8 29. Ra6 Rc2 30.
Ra5 Nc1 31. Rc5 Rxc5 32. Nxc5 Nxa2 33. Nd7+ Kb7 34. Ne5 Nc1 35. Kf3 f6 36. Nxg6 Nd3 37. Nf4 Nxb2 38. Nxh5 c5 39. Nxf6 Kc6 40. h4 c4 41. Ke2 c3 42. Ne4 Kd5 43. Nxc3+ Ke5 44. f4+ Kf5 45. Kf3 Nd3 46. g4+ Kf6 47. Nd5+ Kg6 48.
Nxc7 Nc5 49. Ne6 Kf6 50. Nxc5 1-0